[Event "Klatovy Open-C 2024"]
[Site "Klatovy"]
[Date "2024.07.06"]
[Round "8.1"]
[White "Kopta, Pavel"]
[Black "Korsa, Jindrich"]
[Result "1-0"]
[ECO "A86"]
[WhiteElo "2193"]
[BlackElo "2036"]
[Annotator "RC"]
[PlyCount "53"]
[EventDate "2024.06.21"]
[EventType "swiss"]
[EventCountry "CZE"]
[SourceTitle "playchess.com"]
[Source "ChessBase"]
[SourceQuality "1"]
[TimeControl "40/7200:0"]

1. d4 f5 2. g3 Nf6 3. Bg2 g6 4. c4 Bg7 5. Nc3 d6 6. Nh3 O-O 7. O-O c6 8. d5 e5 9. Qb3 c5 10. Ng5 Qe7 11. Ne6 Rf7 12. Bg5 h6 13. Bxf6 Rxf6 14. e4 Na6 15. f4 Nc7 16. fxe5 dxe5 17. exf5 gxf5 18. Nxg7 Kxg7 19. Rae1 Rb8 20. Ne2 Qd6 21. Qc3 Bd7 22. Nc1 e4 23. Ne2 Be8 24. Nf4 b5 25. b3 bxc4 26. bxc4 Bf7 27. Bxe4 1-0

[Event "Klatovy Open-C 2024"]
[Site "Klatovy"]
[Date "2024.07.06"]
[Round "8.2"]
[White "Chalus, Karel"]
[Black "Zahorbensky, Jaroslav"]
[Result "0-1"]
[ECO "C30"]
[WhiteElo "1982"]
[BlackElo "2032"]
[Annotator "NA RC"]
[PlyCount "70"]
[EventDate "2024.06.21"]
[EventType "swiss"]
[EventCountry "CZE"]
[SourceTitle "playchess.com"]
[Source "ChessBase"]
[SourceQuality "1"]
[TimeControl "40/7200:0"]

1. e4 e5 2. Nc3 Nc6 3. Bc4 Nf6 4. f4 Bc5 5. Nf3 d6 6. d3 Bg4 7. Rf1 Nd4 8. fxe5 Bxf3 9. gxf3 Nh5 10. Be3 Nxc2+ 11. Qxc2 Bxe3 12. Nd5 Bh6 13. exd6 Qxd6 14. Rf2 O-O 15. Qc3 c6 16. Qb4 Qxb4+ 17. Nxb4 a5 18. Nc2 b5 19. Bxb5 cxb5 20. d4 Rac8 21. d5 Rfd8 22. Rd1 Bf4 23. Nd4 Be3 24. Re2 Bxd4 25. Rxd4 f6 26. Red2 Rd6 27. Kf2 g5 28. Kg2 Nf4+ 29. Kg3 Ng6 30. Kg4 Rc1 31. Kg3 h5 32. Kg2 h4 33. Kf2 Kf7 34. R4d3 Ne5 35. Ra3 Nc4 0-1

[Event "Klatovy Open-C 2024"]
[Site "Klatovy"]
[Date "2024.07.06"]
[Round "8.3"]
[White "Turner, Radek"]
[Black "Zednik, Zdenek"]
[Result "1/2-1/2"]
[ECO "A34"]
[WhiteElo "2012"]
[BlackElo "1882"]
[Annotator "NA RC"]
[PlyCount "63"]
[EventDate "2024.06.21"]
[EventType "swiss"]
[EventCountry "CZE"]
[SourceTitle "playchess.com"]
[Source "ChessBase"]
[SourceQuality "1"]
[TimeControl "40/7200:0"]

1. c4 b6 2. Nc3 e6 3. e4 c5 4. g3 Bb7 5. Bg2 Be7 6. Nge2 d6 7. d3 Nf6 8. h3 Nc6 9. a3 O-O 10. O-O a6 11. Be3 e5 12. Rb1 Nd4 13. f4 Nd7 14. Nd5 Bxd5 15. cxd5 Nxe2+ 16. Qxe2 b5 17. b3 Rc8 18. Rfc1 Bf6 19. Rc2 a5 20. Rbc1 b4 21. a4 Rc7 22. Bf3 exf4 23. gxf4 g5 24. Bg4 gxf4 25. Bxf4 Ne5 26. d4 Nxg4 27. Qxg4+ Kh8 28. Qf5 Bxd4+ 29. Kh1 Rg8 30. Rg2 Rxg2 31. Kxg2 f6 32. Bh6 1/2-1/2

[Event "Klatovy Open-C 2024"]
[Site "Klatovy"]
[Date "2024.07.06"]
[Round "8.4"]
[White "Mlynek, Petr"]
[Black "Hlavac, Rudolf"]
[Result "1-0"]
[ECO "D74"]
[WhiteElo "1969"]
[BlackElo "1927"]
[Annotator "NA RC"]
[PlyCount "61"]
[EventDate "2024.06.21"]
[EventType "swiss"]
[EventCountry "CZE"]
[SourceTitle "playchess.com"]
[Source "ChessBase"]
[SourceQuality "1"]
[TimeControl "40/7200:0"]

1. d4 Nf6 2. c4 g6 3. Nf3 Bg7 4. g3 O-O 5. Bg2 d5 6. cxd5 Nxd5 7. O-O Nc6 8. e4 Nb6 9. d5 Na5 10. Qe1 Nac4 11. Nc3 e5 12. b3 Nd6 13. a4 Bd7 14. Qe2 f5 15. Ba3 f4 16. Nd2 g5 17. Rfc1 Rf6 18. Bxd6 cxd6 19. a5 Nc8 20. a6 b6 21. Nb5 g4 22. Bf1 f3 23. Qc4 h5 24. Qc7 Qxc7 25. Nxc7 Rb8 26. Bb5 Rf7 27. Rc2 Kf8 28. Rac1 Bh6 29. Ne6+ Bxe6 30. dxe6 Bxd2 31. Rxc8+ 1-0

[Event "Klatovy Open-C 2024"]
[Site "Klatovy"]
[Date "2024.07.06"]
[Round "8.5"]
[White "Ondrejat, Miroslav"]
[Black "Navratil, Jiri"]
[Result "1-0"]
[ECO "D55"]
[WhiteElo "1940"]
[BlackElo "2058"]
[Annotator "RC"]
[PlyCount "113"]
[EventDate "2024.06.21"]
[EventType "swiss"]
[EventCountry "CZE"]
[SourceTitle "playchess.com"]
[Source "ChessBase"]
[SourceQuality "1"]
[TimeControl "40/7200:0"]

1. d4 d5 2. c4 e6 3. Nc3 Nf6 4. Bg5 Be7 5. Nf3 O-O 6. e3 b6 7. cxd5 Nxd5 8. Bxe7 Qxe7 9. Rc1 Bb7 10. Bd3 Nd7 11. O-O Rfd8 12. Nxd5 Bxd5 13. e4 Bb7 14. Rxc7 Rab8 15. Qe2 Qd6 16. Rc3 Qf4 17. Re1 Rbc8 18. Qe3 Qxe3 19. Rxe3 Nf6 20. h3 h6 21. Kf1 g5 22. g4 Kg7 23. Ke2 b5 24. Kd2 a6 25. a3 Rd7 26. Rxc8 Bxc8 27. Re1 Bb7 28. Ke3 Rc7 29. Re2 h5 30. gxh5 Kh6 31. Rc2 Rxc2 32. Bxc2 Nxh5 33. Ne5 Kg7 34. Nd3 Nf6 35. Nc5 Bc8 36. Bd1 Ne8 37. f4 Kh6 38. e5 Nc7 39. Bf3 a5 40. b4 axb4 41. axb4 Nd5+ 42. Bxd5 exd5 43. Kf3 Bxh3 44. Nb7 Bd7 45. Nd6 gxf4 46. Kxf4 Kg6 47. Nb7 Be6 48. Nc5 Bc8 49. Nd3 Be6 50. Nc1 Bh3 51. Ne2 Bf1 52. Nc3 Bc4 53. Nd1 Bb3 54. Ne3 Ba2 55. Nf5 Bc4 56. Ne7+ Kg7 57. Kg5 1-0

[Event "Klatovy Open-C 2024"]
[Site "Klatovy"]
[Date "2024.07.06"]
[Round "8.6"]
[White "Danko, Jiri"]
[Black "Zidu, Jan"]
[Result "1-0"]
[ECO "B45"]
[WhiteElo "1954"]
[BlackElo "1905"]
[Annotator "NA RC"]
[PlyCount "47"]
[EventDate "2024.06.21"]
[EventType "swiss"]
[EventCountry "CZE"]
[SourceTitle "playchess.com"]
[Source "ChessBase"]
[SourceQuality "1"]
[TimeControl "40/7200:0"]

1. e4 c5 2. Nf3 Nc6 3. d4 cxd4 4. Nxd4 e6 5. Nc3 Nf6 6. Nxc6 bxc6 7. Bd3 d5 8. O-O d4 9. Ne2 e5 10. f4 Bd6 11. f5 Nd7 12. c3 c5 13. Qe1 O-O 14. Qg3 Kh8 15. Kh1 a5 16. cxd4 cxd4 17. Nxd4 Nc5 18. Nb5 Bb8 19. Bc2 Ba6 20. Rd1 Qe7 21. Nc3 Qb7 22. f6 gxf6 23. Bh6 Rg8 24. Bg7+ 1-0

[Event "Klatovy Open-C 2024"]
[Site "Klatovy"]
[Date "2024.07.06"]
[Round "8.7"]
[White "Novotny, Jaroslav"]
[Black "Vavrinek, Tomas"]
[Result "1-0"]
[ECO "B33"]
[WhiteElo "2172"]
[BlackElo "1827"]
[Annotator "RC"]
[PlyCount "93"]
[EventDate "2024.06.21"]
[EventType "swiss"]
[EventCountry "CZE"]
[SourceTitle "playchess.com"]
[Source "ChessBase"]
[SourceQuality "1"]
[TimeControl "40/7200:0"]

1. e4 c5 2. Nf3 Nc6 3. d4 cxd4 4. Nxd4 Nf6 5. Nc3 e5 6. Ndb5 d6 7. Bg5 a6 8. Na3 b5 9. Nd5 Be7 10. Bxf6 Bxf6 11. c4 b4 12. Nc2 a5 13. g3 Be6 14. Bg2 O-O 15. O-O Bxd5 16. Qxd5 Ne7 17. Qd3 Qb6 18. Rad1 Rfd8 19. h4 a4 20. b3 Qc5 21. Rd2 Nc6 22. Rfd1 Be7 23. Qe2 axb3 24. axb3 Ra2 25. Rd5 Qb6 26. Qd3 Qc7 27. Rd2 Rda8 28. Bh3 Rb2 29. c5 dxc5 30. Rd7 Qb6 31. Qd5 g6 32. Rxe7 Rf8 33. Rxf7 Rxf7 34. Be6 Nd4 35. Bxf7+ Kg7 36. Nxd4 Rxd2 37. Ne6+ Kxf7 38. Ng5+ Ke7 39. Qxd2 h6 40. Nf3 Qe6 41. Qd3 Kf6 42. Kg2 h5 43. Nd2 Qc6 44. Nc4 Qe6 45. Qd6 Qxd6 46. Nxd6 Ke6 47. Nc4 1-0

[Event "Klatovy Open-C 2024"]
[Site "Klatovy"]
[Date "2024.07.06"]
[Round "8.8"]
[White "Fiser, Jiri"]
[Black "Havelka, Petr"]
[Result "0-1"]
[ECO "B01"]
[WhiteElo "2134"]
[BlackElo "1851"]
[Annotator "RC"]
[PlyCount "92"]
[EventDate "2024.06.21"]
[EventType "swiss"]
[EventCountry "CZE"]
[SourceTitle "playchess.com"]
[Source "ChessBase"]
[SourceQuality "1"]
[TimeControl "40/7200:0"]

1. e4 d5 2. exd5 Qxd5 3. Nc3 Qd8 4. d4 Nf6 5. Bc4 e6 6. Nf3 Bb4 7. Bd2 O-O 8. Qe2 a6 9. a3 Bxc3 10. Bxc3 b5 11. Bd3 Bb7 12. h4 Nbd7 13. O-O-O Nb6 14. Rhg1 Qd5 15. Nd2 Na4 16. f3 Qa2 17. Nb1 Nd5 18. Qe4 g6 19. Qe5 Ndxc3 20. bxc3 Rac8 21. Qf6 Nb6 22. h5 Nd7 23. Qe7 Bc6 24. hxg6 fxg6 25. Rh1 Rf7 26. Qh4 Nf8 27. Rde1 Qd5 28. Nd2 Qd6 29. Kb2 a5 30. Ne4 Bxe4 31. Rxe4 b4 32. axb4 axb4 33. c4 Ra8 34. c5 Qd5 35. Ra1 Rxa1 36. Kxa1 Qa8+ 37. Kb1 c6 38. Kc1 Qa1+ 39. Kd2 Qc3+ 40. Ke2 b3 41. cxb3 Qxb3 42. Ke3 Qb2 43. Qh1 Ra7 44. g3 Ra1 45. Bf1 Re1+ 46. Kf4 Qc1+ 0-1

[Event "Klatovy Open-C 2024"]
[Site "Klatovy"]
[Date "2024.07.06"]
[Round "8.9"]
[White "Berka, Lubos"]
[Black "Novy, Jaroslav"]
[Result "1-0"]
[ECO "E61"]
[WhiteElo "1835"]
[BlackElo "1654"]
[Annotator "NA RC"]
[PlyCount "45"]
[EventDate "2024.06.21"]
[EventType "swiss"]
[EventCountry "CZE"]
[SourceTitle "playchess.com"]
[Source "ChessBase"]
[SourceQuality "1"]
[TimeControl "40/7200:0"]

1. Nf3 Nf6 2. c4 d6 3. Nc3 g6 4. d4 Bg7 5. e3 c6 6. Bd3 O-O 7. O-O Qc7 8. e4 Bg4 9. Re1 e5 10. d5 Nbd7 11. h3 Bxf3 12. Qxf3 Nc5 13. b3 Nxd3 14. Qxd3 Nd7 15. Rd1 f5 16. dxc6 bxc6 17. Qxd6 Qa5 18. b4 Qa6 19. Qe6+ Kh8 20. Rxd7 Rae8 21. Qd6 Qxc4 22. Bb2 fxe4 23. Qc5 1-0

[Event "Klatovy Open-C 2024"]
[Site "Klatovy"]
[Date "2024.07.06"]
[Round "8.10"]
[White "Novotny, Jaromir"]
[Black "Kriha, Pavel"]
[Result "1/2-1/2"]
[ECO "B12"]
[WhiteElo "1788"]
[BlackElo "1877"]
[Annotator "NA RC"]
[PlyCount "23"]
[EventDate "2024.06.21"]
[EventType "swiss"]
[EventCountry "CZE"]
[SourceTitle "playchess.com"]
[Source "ChessBase"]
[SourceQuality "1"]
[TimeControl "40/7200:0"]

1. e4 c6 2. d4 d5 3. e5 Bf5 4. Ne2 e6 5. Ng3 Bg6 6. h4 h6 7. h5 Bh7 8. Bd3 Bxd3 9. cxd3 Bb4+ 10. Nc3 c5 11. dxc5 Qa5 12. O-O 1/2-1/2